Map: Solaris LE

Players

Obscured - Winner!

  • Race: Zerg Zerg
  • League: Gold
  • Spawn Location: 1:00

Alexis

  • Race: Terran Terran
  • League: Gold
  • Spawn Location: 7:00

VOD

Have the link to the VOD?

Description

Time

  • Played on: Feb. 16, 2024, 8:34 a.m.
  • Length: 10:01
Show
View Real Time Build Order
Export as new Build Order

Obscured Zerg - Winner!

Build Orders: Hatch First, Zergling Baneling 

Get SALT Encoding   

  12  0:00  Drone  
  13  0:12  Overlord  
  13  0:17  Drone  
  14  0:31  Drone x2  
  16  0:39  Drone  
  17  0:52  Hatchery  
  17  0:55  Drone  
  17  0:58  Drone  
  18  1:09  Extractor  
  17  1:15  Spawning Pool  
  17  1:17  Drone  
  17  1:25  Drone  
  18  1:29  Drone  
  19  1:39  Drone  
  20  1:50  Drone  
  21  2:00  Overlord  
  21  2:03  Queen x2  
  21  2:05  Zergling x2  
  26  2:11  Zergling x2  
  27  2:16  Overlord  
  27  2:23  Drone  
  27  2:25  Drone  
  29  2:34  Drone  
  30  2:43  Drone  
  31  2:51  Queen  
  31  2:55  Drone x2  
  31  2:57  Drone, Hatchery  
  31  2:58  Drone  
  36  3:09  Drone x2  
  37  3:15  Drone x5  
  37  3:19  Drone  
  43  3:21  Overlord  
  43  3:25  Metabolic Boost  
  43  3:42  Zergling x8  
  43  3:46  Queen  
  49  3:55  Extractor, Baneling Nest  
  48  3:57  Drone x3  
  48  3:58  Drone  
  48  4:02  Overlord x4  
  51  4:14  Queen  
  51  4:16  Drone x3  
  56  4:21  Drone  
  57  4:37  Zergling x12  
  63  4:43  Baneling x4  
  63  4:44  Baneling x5  
  63  4:45  Baneling  
  63  4:51  Drone x2  
  65  5:05  Drone x3  
  65  5:21  Drone  
  65  5:22  Drone x4  
  65  5:26  Zergling x12  
  76  5:50  Lair  
  76  5:51  Hatchery x2  
  76  5:52  Drone x4  
  76  5:53  Hatchery  
  76  5:54  Drone x3  
  76  5:55  Hatchery  
  79  5:59  Drone x2  
  79  6:00  Evolution Chamber  
  79  6:01  Evolution Chamber  
  79  6:20  Zergling x20  
  89  6:32  Overlord x4  
  89  6:52  Overseer  
  86  6:59  Zergling x18  
  95  7:03  Pneumatized Carapace  
  95  7:04  Centrifugal Hooks  
  95  7:07  Zerg Melee Weapons Level 1  
  95  7:08  Zerg Ground Armor Level 1  
  95  7:13  Zergling x12  
  75  8:03  Zergling x54  
  99  8:22  Overseer  
  99  8:27  Baneling x2  
  99  8:28  Baneling x13  
  99  8:30  Zergling x26  
  99  8:31  Zergling x14  
  119  8:39  Extractor  
  119  8:41  Extractor, Drone x2  
  119  8:45  Extractor, Drone  
  119  8:47  Drone, Extractor  
  119  8:52  Baneling x6  
  119  8:55  Zergling x30  
  116  9:43  Zergling x14  
  116  9:44  Zergling x8  
Show
View Real Time Build Order
Export as new Build Order

Alexis Terran 

Build Orders:  

Get SALT Encoding   

  12  0:16  SCV  
  13  0:23  Supply Depot  
  13  0:28  SCV  
  14  0:41  Refinery  
  14  0:44  SCV  
  14  0:47  Barracks  
  15  0:56  SCV  
  16  1:08  SCV  
  17  1:20  SCV  
  18  1:33  SCV  
  19  1:41  Barracks Tech Lab  
  19  1:42  Command Center  
  19  1:48  Orbital Command  
  19  2:05  Marauder  
  21  2:10  Factory  
  21  2:13  SCV  
  22  2:26  SCV  
  23  2:33  Supply Depot  
  23  2:48  Supply Depot  
  23  2:53  SCV  
  23  2:54  Marauder  
  23  2:56  Orbital Command  
  26  2:59  Refinery  
  26  3:01  Factory Reactor  
  26  3:06  SCV  
  27  3:13  Starport  
  27  3:25  Refinery  
  27  3:29  Supply Depot  
  27  3:36  SCV x2  
  29  3:46  Marine  
  29  3:48  SCV x2  
  32  3:50  Hellion  
  32  3:51  Hellion  
  32  3:52  Starport Reactor  
  32  3:55  Factory  
  36  4:00  SCV  
  37  4:04  Marine  
  38  4:11  Stimpack  
  38  4:12  SCV  
  38  4:17  Hellion x2  
  43  4:22  Marine  
  44  4:27  SCV x2  
  46  4:36  Medivac  
  48  4:39  SCV  
  48  4:40  Marine  
  50  4:45  Factory Tech Lab  
  50  4:48  Barracks  
  50  4:53  SCV  
  51  5:05  SCV  
  52  5:12  Widow Mine  
  52  5:13  Widow Mine  
  53  5:25  Siege Tank, Armory  
  56  5:32  Marine  
  57  5:46  Barracks Reactor  
  57  5:52  Barracks  
  57  6:03  Factory Tech Lab  
  57  6:04  SCV x2  
  57  6:07  Barracks  
  59  6:13  Supply Depot  
  59  6:16  SCV, Medivac  
  59  6:18  Combat Shield  
  62  6:27  Infernal Pre-Igniter  
  62  6:34  Marine x3  
  62  6:35  SCV x2, Medivac  
  62  6:38  Supply Depot  
  69  6:52  Marine  
  70  6:54  Barracks Reactor  
  70  6:59  Marine x4  
  74  7:10  Marine  
  74  7:11  Supply Depot  
  74  7:12  Supply Depot x2  
  74  7:14  Command Center  
  74  7:15  Supply Depot  
  75  7:17  Marine x3  
  75  7:20  Marine  
  73  7:27  Engineering Bay  
  73  7:28  Marine  
  73  7:29  Engineering Bay  
  65  7:35  Marine x3  
  66  7:38  Marine  
  66  7:42  Widow Mine x2  
  71  7:45  Marine x2  
  71  7:46  Marine  
  71  7:47  Concussive Shells  
  74  7:53  Marine  
  74  7:58  Refinery  
  72  8:11  SCV x2  
  74  8:21  Medivac x2  
  74  8:23  SCV x2, Marine x4  
  74  8:24  Marine  
  85  8:33  Orbital Command  
  85  8:35  SCV x2  
  85  8:37  Refinery  
  87  8:41  Siege Tank  
  87  8:42  Siege Tank  
  87  8:44  Marine  
  87  8:45  Marine x5  
  87  8:47  SCV x2  
  101  9:00  SCV  
  102  9:12  SCV  
  102  9:14  Hellbat x2  
  105  9:24  SCV  
  81  9:35  Hellbat x2  
  81  9:36  SCV  
Tags
 
League
GoldGold
Matchup
TvZ
Spawn Locations
Cross Positions
Add a new tag
Caveats
  • Supply blocks, unpowered buildings, or Contaminate may cause inaccurate times.
  • Supply counts are checked every 10 seconds.